 Dungeon Crawl Stone Soup version 0.24.0-123-gd5b16e6ec5 (webtiles) character file.

Game seed: 16045905834000707752, levelgen mode: deterministic

1814 hazymike the Covert (level 8, -5/42 HPs)
             Began as a Spriggan Assassin on Feb 4, 2020.
             Killed from afar by Dowan (19 damage)
             ... with a shard of ice
             ... on level 6 of the Dungeon.
             The game lasted 01:05:09 (9386 turns).

hazymike the Covert (Spriggan Assassin)             Turns: 9386, Time: 01:05:09

Health: -5/42      AC:  4    Str:  7    XL:     8   Next: 84%
Magic:  0/3        EV: 23    Int: 13    God:
Gold:   325        SH:  0    Dex: 19    Spells: 7/7 levels left

rFire    . . .     SeeInvis +   q - +3 rapier (antimagic)
rCold    . . .     Gourm    .   (shield restricted)
rNeg     . . .     Faith    .   v - +1 robe
rPois    .         Spirit   +   (helmet restricted)
rElec    .         Reflect  .   c - +0 cloak
rCorr    .         Harm     .   (gloves unavailable)
MR       +....                  (boots unavailable)
Stlth    +++++.....             m - amulet of guardian spirit
HPRegen  0.14/turn              (no ring)
MPRegen  0.08/turn              (no ring)

@: very quick
A: very small, unfitting armour, see invisible, herbivore, speed 3, slow
metabolism 2
a: no special abilities


You were on level 6 of the Dungeon.
You were not hungry.

You visited 1 branch of the dungeon, and saw 6 of its levels.

You collected 325 gold pieces.

Inventory:

Hand Weapons
 a - a +2 dagger
 b - a +1 hunting sling of flaming
 q - a +3 antimagic rapier (weapon)
Missiles
 e - 2 curare-tipped darts
 g - 127 stones
 n - 25 sling bullets
 t - 3 poisoned darts (quivered)
Armour
 c - a +0 cloak (worn)
 v - a +1 robe (worn)
 z - a +0 robe of fire resistance
Jewellery
 m - an amulet of guardian spirit (around neck)
Wands
 i - a wand of enslavement (6)
Scrolls
 h - a scroll of fog
 j - 4 scrolls of remove curse
 k - 7 scrolls of teleportation
 l - 8 scrolls of identify
 o - a scroll of immolation
 s - a scroll of fear
 y - a scroll of blinking
Potions
 d - a potion of lignification
 p - 2 potions of might
 r - a potion of brilliance
 w - a potion of magic
Comestibles
 f - 7 rations


   Skills:
 + Level 4.4 Fighting
 * Level 7.4 Short Blades
 - Level 4.6(5.0) Slings
 - Level 2.0(3.1) Throwing
 + Level 6.4 Dodging
 - Level 10.0 Stealth


You had 7 spell levels left.
You didn't know any spells.
Your spell library was empty.

Dungeon Overview and Level Annotations

Branches:
Dungeon (6/15)             Temple (0/1) D:5

Altars:
Ashenzari
Fedhas
Kikubaaqudgha
Okawaru
Ru
Sif Muna
Yredelemnul
The Shining One

Annotations:
D:6 exclusions: 4 centaurs, crimson imp, 2 orcs and orc warrior, Dowan


Innate Abilities, Weirdness & Mutations

You are very small and have problems with some larger weapons.
You are too small for most types of armour.
You have supernaturally acute eyesight. (SInv)
You are a herbivore.
You cover ground extremely quickly.
You need to consume almost no food.


Message History

Duvessa is almost dead.
Duvessa says, "I don't care about looks, I care about technique!"
Duvessa closely misses you. Dowan hits you but does no damage.
You barely miss Duvessa.
Duvessa is almost dead.
Duvessa misses you.
Dowan says, "Stay away from my face!"
Dowan hits you but does no damage.
You barely miss Duvessa.
Duvessa is almost dead.
Duvessa gestures with her weapon.
Duvessa hits you with a +0 rapier! Dowan completely misses you.
You hit Duvessa.
You kill Duvessa!
Dowan screams, "No!
No!"
Dowan seems to find hidden reserves of power!
Dowan hits you but does no damage. Dowan gestures at you while chanting.
The shard of ice hits you!!
You die...

..###..#....(.#....#.........##
...#...รท.....##....#..##.##..#
............###...#......#...#
....##.....)###......##.....####
...###...#............#.....##.##
#............................#..#
#............e......##..#.......#
.......................##......##
................@............###
............##........)?....##
.......................<.....#
.......#..........##..##...###
..............##>..#######.#
##..................## ###
.....................#
.##........###......##
.........### #.......#


You could see Dowan.

Vanquished Creatures
  Prince Ribbit (D:6)
  Eustachio (D:5)
  Duvessa (D:6)
  A sky beast (D:6)
  A necrophage (D:5)
  2 centaurs
  A scorpion (D:6)
  2 howler monkeys
  A crimson imp (D:5)
  A bullfrog zombie (D:6)
  A quasit (D:5)
  A hound (D:5)
  A jelly (D:5)
  3 orc priests
  6 orc wizards
  2 bullfrog skeletons (D:4)
  2 iguanas (D:4)
  4 worker ants
  Terence (D:2)
  Robin (D:3)
  4 gnolls (D:5)
  11 adders
  A shadow imp (D:6)
  2 oozes
  An adder skeleton (D:4)
  3 worms
  3 dart slugs
  A leopard gecko (D:3)
  20 orcs
  2 bats
  4 giant cockroaches
  2 hobgoblins
  5 jackals (D:5)
  7 kobolds
  2 quokkas
  2 ball pythons (D:3)
  A ball python skeleton (D:2)
  6 frilled lizards
  2 gnoll zombies (D:3)
  12 goblins
  A leopard gecko skeleton (D:4)
  3 rats
129 creatures vanquished.

Notes
Turn   | Place    | Note
-------+----------+-------------------------------------------
     0 | D:1      | hazymike the Spriggan Assassin began the quest for the Orb.
     0 | D:1      | Reached XP level 1. HP: 10/10 MP: 2/2
    24 | D:1      | Reached skill level 6 in Stealth
   560 | D:1      | Reached XP level 2. HP: 15/15 MP: 3/3
   934 | D:2      | Reached skill level 7 in Stealth
   943 | D:2      | Reached XP level 3. HP: 18/18 MP: 4/4
  1023 | D:2      | Found an iron altar of Okawaru.
  1196 | D:2      | Found a shattered altar of Ashenzari.
  1196 | D:2      | Found a glowing golden altar of the Shining One.
  1404 | D:2      | Noticed Terence
  1456 | D:2      | Reached XP level 4. HP: 21/23 MP: 5/5
  1593 | D:2      | Killed Terence
  1593 | D:2      | Reached skill level 8 in Stealth
  2116 | D:3      | Noticed Robin
  2395 | D:3      | Reached XP level 5. HP: 26/26 MP: 6/6
  2646 | D:3      | Killed Robin
  3288 | D:3      | Found a basalt altar of Yredelemnul.
  3363 | D:3      | Reached skill level 1 in Slings
  3681 | D:4      | Reached XP level 6. HP: 13/30 MP: 1/7
  4745 | D:4      | Found a blossoming altar of Fedhas.
  4992 | D:4      | Reached XP level 7. HP: 35/35 MP: 8/8
  5023 | D:4      | Found an ancient bone altar of Kikubaaqudgha.
  5026 | D:4      | Found a shimmering blue altar of Sif Muna.
  5029 | D:4      | Found a sacrificial altar of Ru.
  5107 | D:5      | Entered Level 5 of the Dungeon
  5198 | D:5      | Reached skill level 9 in Stealth
  5399 | D:5      | Reached skill level 5 in Short Blades
  5891 | D:5      | Noticed Eustachio
  6850 | D:5      | HP: 1/36 [centaur/+0 war axe (4)]
  7169 | D:5      | Found a staircase to the Ecumenical Temple.
  7430 | D:5      | Reached XP level 8. HP: 40/40 MP: 9/9
  7964 | D:5      | Killed Eustachio
  7964 | D:5      | Reached skill level 10 in Stealth
  8191 | D:6      | Noticed Prince Ribbit
  8200 | D:6      | Noticed Duvessa
  8256 | D:6      | Reached skill level 5 in Dodging
  8811 | D:6      | Killed Prince Ribbit
  9012 | D:6      | Noticed Dowan
  9381 | D:6      | Killed Duvessa
  9386 | D:6      | Killed from afar by Dowan

Levels and vault maps discovered:
D:1:      dpeg_arrival_lava_altar, layout_basic, minivault_23
D:2:      layout_rooms, nicolae_overflow_hidden_temple, first_ration,
          hangedman_feature_mirror, okawaru_trees_2, uniq_terence
D:3:      layout_basic, lemuel_zombie_altar_yredelemnul, minivault_25,
          uniq_robin
D:4:      layout_cave_pools, grunt_temple_overflow_diamond, fedhas_altar_4
D:5:      layout_loops_ring, minmay_temple_entry_mini_moons, serial_rivers,
          chequers_serial_rivers_marsh, chequers_serial_rivers_micro_e,
          chequers_serial_rivers_small_a, chequers_serial_rivers_micro_c,
          chequers_serial_rivers_room_b, minmay_misc_feat_nine_boxes,
          uniq_eustachio
D:6:      layout_cave_pools, centaur_isle, uniq_duvessa, uniq_prince_ribbit1

Skill      XL: |  1  2  3  4  5  6  7  8 |
---------------+-------------------------+-----
Stealth        | 6 7 8 9 10 | 10.0
Fighting       | 2 3 4 |  4.4
Short Blades   | 3 4 5 7 |  7.4
Dodging        | 2 4 6 |  6.4
Slings         | 2 4 |  4.6
Throwing       | |  2.0

Action                   |  1- 3 |  4- 6 |  7- 9 || total
-------------------------+-------+-------+-------++-------
Melee: Dagger            |    51 |   147 |   415 ||   613
       Rapier            |       |       |    81 ||    81
 Fire: Hunting sling     |       |   124 |    92 ||   216
Throw: Dart              |    37 |     7 |     9 ||    53
       Stone             |       |       |    91 ||    91
       Throwing net      |       |       |     2 ||     2
  Use: Scroll            |       |    10 |     5 ||    15
       Potion            |       |     2 |     1 ||     3
 Stab: Sleeping          |     9 |    12 |     8 ||    29
       Distracted        |       |     4 |       ||     4
       Held in net/web   |       |       |     1 ||     1
  Eat: Ration            |       |     1 |     2 ||     3
Armor: Robe              |     4 |    20 |    46 ||    70
Dodge: Dodged            |    22 |    82 |   303 ||   407
